 Dungeon Crawl Stone Soup version 0.27-a0-1186-g8b4daa1eef (webtiles) character file.

Game seed: 14967887702120610386

516 ZappyNine the Magician (level 7, -2/53 HPs)
             Began as a Djinni Necromancer on May 19, 2021.
             Was an Initiate of Qazlal.
             Slain by an iguana (10 damage)
             ... on level 5 of the Dungeon.
             The game lasted 00:09:41 (7325 turns).

ZappyNine the Magician (Djinni Necromancer)         Turns: 7325, Time: 00:09:42

Health: -2/53      AC:  4    Str:  7    XL:     7   Next: 44%
Gold:   254        EV: 13    Int: 18    God:    Qazlal [......] SH:  0 Dex: 20

rFire    + + .     SeeInvis .   j - +4 whip "Qiorchecw" {vorpal, rC+ Stlth+}
rCold    . . .     Faith    .   (no shield)
rNeg     . . .     Spirit   .   a - +1 robe
rPois    ∞         Reflect  .   (no helmet)
rElec    .         Harm     .   (no cloak)
rCorr    .         Rampage  .   q - +0 pair of gloves
Will     .....     Clarity  +   (boots unavailable)
Stlth    +++.......             (no amulet)
HPRegen  0.17/turn              k - +6 ring of dexterity
MPRegen  0.00/turn              (no ring)

@: flying
A: sickness immunity, fire resistance 2, cold vulnerability 1, float, innate
caster, hp casting, extra vitality 1, clarity, mutation resistance 1
a: Renounce Religion


You were on level 5 of the Dungeon.
You worshipped Qazlal.
Qazlal was noncommittal.
You visited 2 branches of the dungeon, and saw 6 of its levels.

You collected 254 gold pieces.

Inventory:

Hand Weapons
 e - a +1 dagger
 j - the +4 whip "Qiorchecw" (weapon) {vorpal, rC+ Stlth+}
   (You found it on level 4 of the Dungeon)

   It inflicts extra damage upon your enemies.
   It protects you from cold.
   It makes you more stealthy.
Armour
 a - a +1 robe (worn)
 q - a +0 pair of gloves (worn)
Jewellery
 k - a +6 ring of dexterity (left hand)
Wands
 f - a wand of flame (28)
Scrolls
 c - 5 scrolls of teleportation
 d - 2 scrolls of enchant weapon
 g - 2 scrolls of noise
 l - 2 scrolls of fog
 n - 2 scrolls of enchant armour
 p - a scroll of identify
Potions
 b - 2 potions of lignification
 h - a potion of haste
 i - a potion of curing
 m - a potion of magic


   Skills:
 + Level 4.8 Fighting
 - Level 2.1 Dodging
 - Level 1.5 Stealth
 + Level 5.2 Spellcasting


You couldn't memorise any spells.
You knew the following spells:

 Your Spells              Type           Power      Damage    Failure   Level
a - Pain                  Necr           92%        1d8       1%          1
b - Animate Skeleton      Necr           46%        N/A       1%          1
c - Vampiric Draining     Necr           11%        2d7       4%          3
d - Animate Dead          Necr           11%        N/A       14%         4
e - Agony                 Necr           23%        N/A       38%         5
f - Corona                Hex            25%        N/A       1%          1
g - Call Imp              Summ           23%        N/A       2%          2
h - Blink                 Tloc           N/A        N/A       2%          2
Your spell library was empty.

Dungeon Overview and Level Annotations

Branches:
Dungeon (5/15)             Temple (1/1) D:5

Altars:
Ashenzari
Cheibriados
Dithmenos
Fedhas
Gozag
Hepliaklqana
Kikubaaqudgha
Makhleb
Nemelex Xobeh
Okawaru
Qazlal
Ru
Sif Muna
Trog
Vehumet
Wu Jian
Xom
Yredelemnul
Zin
The Shining One


Innate Abilities, Weirdness & Mutations

You are immune to sickness and miasma.
You are immune to poison.
Your flesh is very heat resistant. (rF++)
You are vulnerable to cold. (rC-)
You float through the air rather than walking.
You learn spells naturally, not from books.
Your magical power is your life essence.
You have superior vitality. (+4 HP)
You possess an exceptional clarity of mind.
You are somewhat resistant to further mutation.


Message History

You now have 254 gold pieces (gained 15).
An iguana comes into view.
Found a scroll labelled TEUCISK QINICW.
Found a scroll labelled TEUCISK QINICW.
You see here a scroll of enchant weapon.
d - 2 scrolls of enchant weapon (gained 1)
The helpless iguana fails to defend itself.
You hit the iguana.
The iguana is lightly wounded.
The iguana misses you.
You closely miss the iguana.
The iguana is lightly wounded.
The iguana completely misses you.
You closely miss the iguana.
The iguana is lightly wounded.
The iguana barely misses you.
You hit the iguana.
The iguana is heavily wounded.
The iguana bites you!
You are too injured to fight recklessly!
You are too injured to fight recklessly!
You are too injured to fight recklessly!
You are too injured to fight recklessly!
You are too injured to fight recklessly!
You are too injured to fight recklessly!
You are too injured to fight recklessly!
You are too injured to fight recklessly!
You are too injured to fight recklessly!
You are too injured to fight recklessly!
You hit the iguana.
The iguana is severely wounded.
The iguana bites you!
You barely miss the iguana.
The iguana is severely wounded.
The iguana bites you!
* * * LOW HITPOINT WARNING * * *
You barely miss the iguana.
The iguana is severely wounded.
The iguana misses you. The iguana bites you!
You die...

...........#
...........#
...........#
...........#
...........#
...........#
...........#
####.......#
#.....@.#
#....l?.#
#......?#
#.......+
#.......#
#^......#
#########


You could see an iguana.

Vanquished Creatures
  A sky beast (D:5)
  A wyvern zombie (D:5)
  A scorpion (D:4)
  A hound (D:3)
  2 iguanas
  A hound skeleton (D:4)
  Robin (D:3)
  6 adders
  2 adder skeletons
  A worm (D:3)
  An orc (D:3)
  5 endoplasms
  2 giant cockroaches
  16 goblins
  7 hobgoblins
  4 quokkas
  5 ball pythons
  4 bats
  4 frilled lizards
  6 kobolds
  5 rats
76 creatures vanquished.

Vanquished Creatures (collateral kills)
  Blork the orc (D:4)
  A scorpion (D:5)
  A bullfrog skeleton (D:5)
  An endoplasm (D:4)
  3 goblins (D:3)
  A hobgoblin (D:3)
8 creatures vanquished.

Grand Total: 84 creatures vanquished

Notes
Turn   | Place    | Note
-------+----------+-------------------------------------------
     0 | D:1      | ZappyNine the Djinni Necromancer began the quest for the
                  | Orb.
     0 | D:1      | Reached XP level 1. HP: 15/15 MP: 0/0
   584 | D:1      | Reached XP level 2. HP: 15/21 MP: 0/0
  1818 | D:1      | Reached skill level 1 in Fighting
  1818 | D:1      | Reached XP level 3. HP: 25/27 MP: 0/0
  1818 | D:1      | Learned a level 1 spell: Corona
  2291 | D:2      | Reached XP level 4. HP: 19/33 MP: 0/0
  2720 | D:2      | Reached skill level 4 in Spellcasting
  3818 | D:3      | Reached XP level 5. HP: 32/39 MP: 0/0
  3818 | D:3      | Learned a level 2 spell: Call Imp
  3960 | D:3      | You are sucked into a shaft and drop 1 floor!
  3976 | D:4      | Identified the +4 whip "Qiorchecw" {vorpal, rC+ Stlth+}
  4360 | D:4      | Reached XP level 6. HP: 15/46 MP: 0/0
  4601 | D:4      | Noticed Blork the orc
  4614 | D:4      | Killed Blork the orc
  5355 | D:3      | Noticed Robin
  5377 | D:3      | Gained mutation: You possess an exceptional clarity of
                  | mind. [potion of mutation]
  5377 | D:3      | Gained mutation: You are somewhat resistant to further
                  | mutation. [potion of mutation]
  5387 | D:3      | Killed Robin
  6241 | D:3      | Found a faded altar of an unknown god.
  6284 | D:3      | Found a faded altar of an unknown god.
  6489 | D:5      | Entered Level 5 of the Dungeon
  6763 | D:5      | Reached skill level 5 in Spellcasting
  6763 | D:5      | Reached XP level 7. HP: 34/53 MP: 0/0
  6763 | D:5      | Learned a level 2 spell: Blink
  6911 | D:5      | Found a staircase to the Ecumenical Temple.
  6922 | Temple   | Entered the Ecumenical Temple
  7020 | Temple   | Became a worshipper of Qazlal Stormbringer
  7325 | D:5      | Slain by an iguana

Illustrated notes

Levels and vault maps discovered:
D:1:      mushboom_english_gardens, layout_loops_corners
D:2:      layout_rooms, chequers_garden
D:3:      layout_loops_corners, hellmonk_ecumenical_altar_the_god_not_taken,
          uniq_robin
D:4:      layout_basic, uniq_blork_the_orc
D:5:      layout_gridville, minmay_temple_entry_tees, eino_tiny_chamber
Temple:   regret_index_temple_chain_breaker

Skill      XL: |  1  2  3  4  5  6 |
---------------+-------------------+-----
Fighting       | 1 2 3 4 |  4.8
Spellcasting   | 4 5 |  5.2
Dodging        | |  2.1
Stealth        | |  1.5

Action                   |  1- 3 |  4- 6 |  7- 9 || total
-------------------------+-------+-------+-------++-------
Melee: Dagger            |    61 |    84 |       ||   145
       Unarmed           |     1 |       |       ||     1
       Whip              |       |    76 |    26 ||   102
 Cast: Pain              |    26 |    10 |       ||    36
       Animate Skeleton  |     1 |       |       ||     1
       Vampiric Draining |     4 |     8 |       ||    12
       Corona            |     2 |     1 |       ||     3
       Animate Dead      |       |     4 |       ||     4
       Call Imp          |       |    25 |     6 ||    31
       Blink             |       |       |     3 ||     3
  Use: Scroll            |       |    10 |       ||    10
       Potion            |       |     5 |     2 ||     7
 Stab: Sleeping          |     3 |    11 |     1 ||    15
Armor: Robe              |    11 |    40 |     7 ||    58
Dodge: Dodged            |    51 |   121 |    15 ||   187

Table legend: (Time is in decaauts)
 A = Elapsed time spent in this place.
 B = Non-inter-level travel time spent in this place.
 C = Inter-level travel time spent in this place.
 D = Time resting spent in this place.
 E = Time spent auto-exploring this place.
 F = Levels seen in this place.
 G = Mean time per level.
                   A        B        C        D        E       F      G
               +--------+--------+--------+--------+--------+-----+--------+
         Total |   7333 |   7183 |    150 |   1856 |   4354 |   6 | 1222.2 |
       Dungeon |   7220 |   7088 |    132 |   1856 |   4354 |   5 | 1444.0 |
        Temple |    113 |     95 |     18 |      0 |      0 |   1 |  113.0 |
               +--------+--------+--------+--------+--------+-----+--------+

Top non-repeatable levels by time:
     D:1: 2077 daAuts
     D:3: 1822 daAuts
     D:4: 1409 daAuts
     D:2: 1185 daAuts
     D:5: 725 daAuts
  Temple: 113 daAuts
